CAL (WIN)
TAMPA YANKEES @ DUNEDIN BLUE JAYS
12/26/2045
 
TOP OF THE 1ST
Tampa Yankees batting - Pitching for Dunedin Blue Jays : RHP Orlando Giron
Pitching: RHP Orlando Giron
Batting: RHB Bobby Melillo 0-0: Ball
1-0: Ball
2-0: Ball
3-0: Base on Balls
Batting: RHB Tim Osborn 0-0: Ball
1-0: Ball
Bobby Melillo steals 2nd base
2-0: Reached on error, E5 (Groundball, 56, EV 78.1 MPH)
Bobby Melillo to third
Batting: RHB James Boynton 0-0: Ball
Wild Pitch!
Bobby Melillo scores
Tim Osborn to second
1-0: Ball
2-0: Foul Ball, location: 2F
2-1: Foul Ball, location: 2F
2-2: Ball
3-2: Ground out 6-3 (Groundball, 6, EV 96.2 MPH)
Batting: LHB Jose Lebron 0-0: Called Strike
0-1: Swinging Strike
0-2: Strikes out looking
Batting: LHB Dan Morris 0-0: Ball
1-0: Ball
2-0: Ball
3-0: Called Strike
3-1: Foul Ball, location: 2F
3-2: SINGLE (Groundball, 6D, EV 95.0 MPH)
Tim Osborn to third
Runner from 3rd tries for Home, SAFE, throw by LF to home
Batting: RHB Jose Tovar 0-0: Ball
1-0: Called Strike
1-1: Called Strike
1-2: Ball
2-2: Ball
3-2: Ground out 1-3 (Groundball, 13S, EV 63.8 MPH)
Top of the 1st over - 2 runs, 1 hit, 1 error, 1 left on base; Tampa 2 - Dunedin 0
BOTTOM OF THE 1ST
Dunedin Blue Jays batting - Pitching for Tampa Yankees : RHP Bill Setzer
Pitching: RHP Bill Setzer
Batting: RHB Frank Caulfield 0-0: Ball
1-0: Ball
2-0: Ball
3-0: Base on Balls
Batting: LHB Devin Huber 0-0: Foul Ball, location: 2F
0-1: Ball
Frank Caulfield steals 2nd base
1-1: Ball
2-1: Ball
3-1: Called Strike
3-2: Base on Balls
Batting: RHB Brock Van Gilder 0-0: Called Strike
Frank Caulfield steals 3rd base
0-1: Called Strike
0-2: Ball
1-2: Strikes out looking
Batting: LHB Chaim Huting 0-0: Ball
1-0: Called Strike
1-1: Foul Ball, location: 2F
1-2: Foul Ball, location: 2F
1-2: Strikes out looking
Batting: RHB Chris Martin 0-0: Fielders Choice at 2nd, 5-4 (Groundball, 56, EV 100.0 MPH)
Bottom of the 1st over - 0 runs, 0 hits, 0 errors, 2 left on base; Tampa 2 - Dunedin 0
TOP OF THE 2ND
Tampa Yankees batting - Pitching for Dunedin Blue Jays : RHP Orlando Giron
Batting: RHB Christian Shearer 0-0: Called Strike
0-1: Foul Ball, location: 2F
0-2: Ball
1-2: Fly out, F8 (Line Drive, 78M, EV 87.5 MPH)
Batting: RHB Dale Altman 0-0: Ground out U3 (Groundball, 3, EV 86.2 MPH)
Batting: RHB Roberto Tena 0-0: Foul Ball, location: 2F
0-1: Swinging Strike
0-2: Ball
1-2: Foul Ball, location: 2F
1-2: Strikes out swinging, 2-3 out at first.
Top of the 2nd over - 0 runs, 0 hits, 0 errors, 0 left on base; Tampa 2 - Dunedin 0
BOTTOM OF THE 2ND
Dunedin Blue Jays batting - Pitching for Tampa Yankees : RHP Bill Setzer
Batting: LHB Rodrigo Briceno 0-0: Foul Ball, location: 2F
0-1: SOLO HOME RUN (Flyball, 9D, EV 98.1 MPH), Distance : 361 ft
Batting: RHB Norm Mercer 0-0: Called Strike
0-1: Foul Ball, location: 2F
0-2: Foul Ball, location: 2F
0-2: Strikes out swinging
Batting: RHB Justin Powell 0-0: Fly out, F4 (Line Drive, 4, EV 54.4 MPH)
Batting: RHB Luis Reyes 0-0: Single, Error in OF, E9, batter to second base (Line Drive, 89S, EV 111.9 MPH)
Batting: RHB Frank Caulfield 0-0: Foul Ball, location: 2F
0-1: Swinging Strike
0-2: Strikes out swinging
Bottom of the 2nd over - 1 run, 2 hits, 1 error, 1 left on base; Tampa 2 - Dunedin 1
TOP OF THE 3RD
Tampa Yankees batting - Pitching for Dunedin Blue Jays : RHP Orlando Giron
Batting: RHB Bobby Melillo 0-0: Foul Ball, location: 2F
0-1: Swinging Strike
0-2: Ball
1-2: Strikes out swinging
Batting: RHB Tim Osborn 0-0: Called Strike
0-1: Called Strike
0-2: Ball
1-2: Ground out 6-3 (Groundball, 6, EV 99.4 MPH)
Batting: RHB James Boynton 0-0: Called Strike
0-1: Ball
1-1: Swinging Strike
1-2: TRIPLE (Flyball, 89XD, EV 98.1 MPH)
Batting: LHB Jose Lebron 0-0: Ball
1-0: Swinging Strike
1-1: Ball
2-1: Foul Ball, location: 2F
2-2: Foul Ball, location: 2F
2-2: Strikes out swinging
Top of the 3rd over - 0 runs, 1 hit, 0 errors, 1 left on base; Tampa 2 - Dunedin 1
BOTTOM OF THE 3RD
Dunedin Blue Jays batting - Pitching for Tampa Yankees : RHP Bill Setzer
Batting: LHB Devin Huber 0-0: Called Strike
0-1: Ball
1-1: Foul Ball, location: 2F
1-2: Ball
2-2: Ground out 4-3 (Groundball, 4S, EV 82.5 MPH)
Batting: RHB Brock Van Gilder 0-0: Ball
1-0: Swinging Strike
1-1: Swinging Strike
1-2: Ball
2-2: Ball
3-2: SINGLE (Line Drive, 9S, EV 101.2 MPH)
Batting: LHB Chaim Huting 0-0: Ball
1-0: Called Strike
1-1: SINGLE (Groundball, 56D, EV 101.2 MPH)
Brock Van Gilder to second
Batting: RHB Chris Martin 0-0: Called Strike
0-1: Foul Ball, location: 2F
0-2: Strikes out looking
Batting: LHB Rodrigo Briceno 0-0: Foul Ball, location: 2F
0-1: Ball
1-1: Foul Ball, location: 2F
1-2: 3-RUN HOME RUN (Flyball, 9D, EV 94.4 MPH), Distance : 366 ft
Batting: RHB Norm Mercer 0-0: SINGLE (Groundball, 34S, EV 73.8 MPH) (infield hit)
Batting: RHB Justin Powell 0-0: Ball
1-0: Called Strike
1-1: Called Strike
1-2: SINGLE (Groundball, 6MS, EV 70.0 MPH) (infield hit)
Norm Mercer to second
Batting: RHB Luis Reyes 0-0: DOUBLE (Flyball, 78D, EV 108.1 MPH)
Norm Mercer scores
Justin Powell to third
Runner from 3rd tries for Home, SAFE, no throw by LF
Pitching: RHP Eddie Aguilar
Batting: RHB Frank Caulfield 0-0: Ball
1-0: Ground out 4-3 (Groundball, 4, EV 90.0 MPH)
Bottom of the 3rd over - 5 runs, 6 hits, 0 errors, 1 left on base; Tampa 2 - Dunedin 6
TOP OF THE 4TH
Tampa Yankees batting - Pitching for Dunedin Blue Jays : RHP Orlando Giron
Batting: LHB Dan Morris 0-0: Ground out 4-3 (Groundball, 4, EV 104.4 MPH)
Batting: RHB Jose Tovar 0-0: Fly out, F8 (Line Drive, 8LD, EV 95.6 MPH)
Batting: RHB Christian Shearer 0-0: Ball
1-0: Swinging Strike
1-1: Swinging Strike
1-2: SINGLE (Line Drive, 78S, EV 102.5 MPH)
Batting: RHB Dale Altman 0-0: Fielders Choice at 2nd, 6-4 (Groundball, 6, EV 101.9 MPH)
Top of the 4th over - 0 runs, 1 hit, 0 errors, 1 left on base; Tampa 2 - Dunedin 6
BOTTOM OF THE 4TH
Dunedin Blue Jays batting - Pitching for Tampa Yankees : RHP Eddie Aguilar
Batting: LHB Devin Huber 0-0: Swinging Strike
0-1: Ball
1-1: Ball
2-1: Ground out 4-3 (Groundball, 4, EV 83.8 MPH)
Batting: RHB Brock Van Gilder 0-0: DOUBLE (Line Drive, 9LM, EV 103.8 MPH)
Batting: LHB Chaim Huting 0-0: Ball
1-0: Ball
2-0: Called Strike
2-1: Fly out, F9 (Flyball, 9D, EV 103.1 MPH)
Runner from 2nd tags up, SAFE at 3rd, no throw by RF
Batting: RHB Chris Martin 0-0: Ball
1-0: Swinging Strike
1-1: DOUBLE (Line Drive, 89XD, EV 108.8 MPH)
Brock Van Gilder scores
Batting: LHB Rodrigo Briceno 0-0: Ball
1-0: Called Strike
1-1: Ball
2-1: Swinging Strike
2-2: Ball
3-2: Strikes out looking
Bottom of the 4th over - 1 run, 2 hits, 0 errors, 1 left on base; Tampa 2 - Dunedin 7
TOP OF THE 5TH
Tampa Yankees batting - Pitching for Dunedin Blue Jays : RHP Orlando Giron
Batting: RHB Roberto Tena 0-0: Ball
1-0: Foul Ball, location: 2F
1-1: Foul Ball, location: 2F
1-2: Fly out, F9 (Flyball, 9LD, EV 115.0 MPH)
Batting: RHB Bobby Melillo 0-0: Swinging Strike
0-1: Ball
1-1: Ball
2-1: Fly out, F4 (Line Drive, 4, EV 67.5 MPH)
Batting: RHB Tim Osborn 0-0: Fly out, F4 (Line Drive, 4, EV 71.9 MPH)
Top of the 5th over - 0 runs, 0 hits, 0 errors, 0 left on base; Tampa 2 - Dunedin 7
BOTTOM OF THE 5TH
Dunedin Blue Jays batting - Pitching for Tampa Yankees : RHP Eddie Aguilar
Batting: RHB Norm Mercer 0-0: Ball
1-0: Ground out 6-3 (Groundball, 6M, EV 83.8 MPH)
Batting: RHB Justin Powell 0-0: Ground out 5-3 (Groundball, 56, EV 104.4 MPH)
Batting: RHB Luis Reyes 0-0: Ball
1-0: Called Strike
1-1: Ball
2-1: Swinging Strike
2-2: Strikes out looking
Bottom of the 5th over - 0 runs, 0 hits, 0 errors, 0 left on base; Tampa 2 - Dunedin 7
TOP OF THE 6TH
Tampa Yankees batting - Pitching for Dunedin Blue Jays : RHP Orlando Giron
Batting: RHB James Boynton 0-0: Ball
1-0: Ball
2-0: Ball
3-0: Called Strike
3-1: DOUBLE (Flyball, 8RXD, EV 110.0 MPH)
Batting: LHB Jose Lebron 0-0: Foul Ball, location: 2F
0-1: Swinging Strike
0-2: Ground out U3 (Groundball, 3, EV 78.1 MPH)
James Boynton to third
Batting: LHB Dan Morris 0-0: Foul Ball, location: 2F
0-1: Ball
1-1: Foul Ball, location: 2F
1-2: Strikes out swinging
Batting: RHB Jose Tovar 0-0: Fly out, F7 (Line Drive, 78M, EV 88.1 MPH)
Top of the 6th over - 0 runs, 1 hit, 0 errors, 1 left on base; Tampa 2 - Dunedin 7
BOTTOM OF THE 6TH
Dunedin Blue Jays batting - Pitching for Tampa Yankees : RHP Eddie Aguilar
Batting: RHB Frank Caulfield 0-0: Fly out, F5 (Line Drive, 5, EV 70.0 MPH)
Batting: LHB Devin Huber 0-0: Ball
1-0: Swinging Strike
1-1: Called Strike
1-2: Ball
2-2: Strikes out swinging
Pitching: RHP Angel Gutierres
Batting: RHB Brock Van Gilder 0-0: Ball
1-0: Swinging Strike
1-1: Foul Ball, location: 2F
1-2: Ball
2-2: Foul Ball, location: 2F
2-2: Strikes out looking
Bottom of the 6th over - 0 runs, 0 hits, 0 errors, 0 left on base; Tampa 2 - Dunedin 7
TOP OF THE 7TH
Tampa Yankees batting - Pitching for Dunedin Blue Jays : RHP Orlando Giron
Batting: RHB Christian Shearer 0-0: Fly out, F9 (Flyball, 89S, EV 90.6 MPH)
Batting: RHB Dale Altman 0-0: Ball
1-0: Ball
2-0: Ground out 6-3 (Groundball, 4MS, EV 82.5 MPH)
Batting: RHB Roberto Tena 0-0: Foul Ball, location: 2F
0-1: Ground out 5-3 (Groundball, 56S, EV 85.6 MPH)
Top of the 7th over - 0 runs, 0 hits, 0 errors, 0 left on base; Tampa 2 - Dunedin 7
BOTTOM OF THE 7TH
Dunedin Blue Jays batting - Pitching for Tampa Yankees : RHP Angel Gutierres
Batting: LHB Chaim Huting 0-0: Ball
1-0: Called Strike
1-1: Foul Ball, location: 2F
1-2: Strikes out swinging
Batting: RHB Chris Martin 0-0: Called Strike
0-1: Foul Ball, location: 2F
0-2: Ball
1-2: SINGLE (Line Drive, 78M, EV 88.8 MPH)
Batting: LHB Rodrigo Briceno 0-0: Ball
1-0: Ball
2-0: Ball
3-0: Called Strike
3-1: Fielders Choice at 2nd, 4-6 (Groundball, 34, EV 83.1 MPH)
Batting: RHB Norm Mercer 0-0: Ground out 4-3 (Groundball, 34, EV 85.6 MPH)
Bottom of the 7th over - 0 runs, 1 hit, 0 errors, 1 left on base; Tampa 2 - Dunedin 7
TOP OF THE 8TH
Tampa Yankees batting - Pitching for Dunedin Blue Jays : RHP Orlando Giron
Batting: RHB Bobby Melillo 0-0: Called Strike
0-1: DOUBLE (Line Drive, 3D, EV 98.1 MPH)
Batting: RHB Tim Osborn 0-0: Called Strike
0-1: Ball
1-1: Fly out, F9 (Flyball, 9, EV 92.5 MPH)
Batting: RHB James Boynton 0-0: Ball
1-0: Ball
2-0: Called Strike
2-1: Foul Ball, location: 2F
2-2: Ball
3-2: Foul Ball, location: 2F
3-2: Base on Balls
Pitching: LHP Antonio Villarreal
Batting: LHB Jose Lebron 0-0: Ball
1-0: Foul Ball, location: 2F
1-1: Foul Ball, location: 2F
1-2: SINGLE (Groundball, 4D, EV 95.6 MPH)
Bobby Melillo to third
James Boynton to second
Runner from 3rd tries for Home, throw by RF and OUT! 9-2
James Boynton to third
Jose Lebron to second
Batting: LHB Dan Morris 0-0: Called Strike
0-1: Ball
1-1: Swinging Strike
1-2: Strikes out swinging
Top of the 8th over - 0 runs, 2 hits, 0 errors, 2 left on base; Tampa 2 - Dunedin 7
BOTTOM OF THE 8TH
Dunedin Blue Jays batting - Pitching for Tampa Yankees : RHP Angel Gutierres
Batting: RHB Justin Powell 0-0: SINGLE (Groundball, 6MS, EV 66.2 MPH) (infield hit)
Batting: RHB Luis Reyes 0-0: Swinging Strike
0-1: Ball
1-1: Ball
2-1: TRIPLE (Flyball, 89XD, EV 105.6 MPH)
Justin Powell scores
Pitching: RHP Jimmy Wilder
Batting: RHB Frank Caulfield 0-0: Ground out 6-3 (Groundball, 56, EV 78.1 MPH)
Luis Reyes scores
Pinch Hitting: RHB Rich Cracchiolo 0-0: Ball
1-0: Ball
2-0: Called Strike
2-1: Swinging Strike
2-2: SINGLE (Line Drive, 56D, EV 98.8 MPH)
Batting: RHB Brock Van Gilder 0-0: Called Strike
0-1: Swinging Strike
0-2: Strikes out swinging
Pinch Hitting: RHB Scott Olson 0-0: Ball
Rich Cracchiolo steals 2nd base
1-0: Foul Ball, location: 2F
1-1: Swinging Strike
1-2: Ground out 5-3 (Groundball, 56, EV 88.1 MPH)
Bottom of the 8th over - 2 runs, 3 hits, 0 errors, 1 left on base; Tampa 2 - Dunedin 9
TOP OF THE 9TH
Tampa Yankees batting - Pitching for Dunedin Blue Jays : LHP Antonio Villarreal
Now in LF: Bryan Westray
Now in RF: Rich Cracchiolo
Batting: RHB Larry Martell 0-0: Foul Ball, location: 2F
0-1: Foul Ball, location: 2F
0-2: Strikes out swinging
Batting: RHB Christian Shearer 0-0: Called Strike
0-1: Swinging Strike
0-2: Fly out, F9 (Flyball, 9S, EV 85.0 MPH)
Batting: RHB Dale Altman 0-0: Ball
1-0: Called Strike
1-1: Ball
2-1: Called Strike
2-2: Strikes out looking
Top of the 9th over - 0 runs, 0 hits, 0 errors, 0 left on base; Tampa 2 - Dunedin 9
Wednesday, June 22nd , 2022 - OOTP Baseball 23.4 Build 64